 Dungeon Crawl Stone Soup version 0.28-a0-1356-g2ad6d04315 (webtiles) character file.

Game seed: 9616232180372098384

718 Sabo the Ogre Mage (level 7, -1/67 HPs)
             Began as an Ogre Hedge Wizard on Dec 30, 2021.
             Was a Follower of Yredelemnul.
             Slain by an orc priest (8 damage)
             ... on level 5 of the Dungeon.
             The game lasted 00:41:13 (6933 turns).

Sabo the Ogre Mage (Ogre Hedge Wizard)              Turns: 6933, Time: 00:41:16

Health: -1/67      AC:  5    Str: 15    XL:     7   Next: 70%
Magic:  10/15      EV: 14    Int: 17    God:    Yredelemnul [*.....]
Gold:   270        SH:  0    Dex:  8    Spells: 16/17 levels left

rFire   . . .      SeeInvis .   t - +2 short sword (freeze)
rCold   . . .      Faith    .   (no shield)
rNeg    . . .      Spirit   .   a - +0 robe
rPois   .          Reflect  .   c - +2 hat
rElec   .          Harm     .   (no cloak)
rCorr   .          Rampage  .   (gloves unavailable)
Will    +....                   (boots unavailable)
Stlth   ++........              s - amulet of the acrobat
HPRegen 0.21/turn               f - +4 ring of evasion
MPRegen 0.14/turn               y - ring of willpower

@: mighty
A: large, unfitting armour, tough skin 1
a: Renounce Religion, Recall Undead Harvest


You were on level 5 of the Dungeon.
You worshipped Yredelemnul.
Yredelemnul was noncommittal.
You visited 1 branch of the dungeon, and saw 5 of its levels.

You collected 270 gold pieces.

Inventory:

Hand Weapons
 l - a +0 hand axe
 r - a +1 dagger of draining
 t - a +2 short sword of freezing (weapon)
Missiles
 b - 130 arrows
 e - 27 bolts
 k - 17 poisoned darts
 n - 19 sling bullets
 z - 4 boomerangs of dispersal
Armour
 a - a +0 robe (worn)
 c - a +2 hat (worn)
Magical Staves
 g - a staff of air
Jewellery
 f - a +4 ring of evasion (left hand)
 s - an amulet of the acrobat (around neck)
 y - a ring of willpower (right hand)
Wands
 u - a wand of iceblast (10)
Scrolls
 d - a scroll of enchant weapon {unknown}
 h - a scroll of holy word {unknown}
 i - 2 scrolls of fear
 q - a scroll of noise {unknown}
Potions
 m - a potion of mutation {unknown}
 o - a potion of heal wounds {unknown}
 p - a potion of magic {unknown}
 v - a potion of curing {unknown}
 w - a potion of ambrosia {unknown}
 x - a potion of lignification {unknown}


   Skills:
 + Level 3.0 Fighting
 + Level 3.2 Short Blades
 + Level 1.5 Staves
 + Level 3.3 Dodging
 + Level 2.2 Stealth
 + Level 5.7 Spellcasting
 + Level 3.0 Conjurations
 + Level 0.8 Summonings
 + Level 0.8 Translocations


You had 16 spell levels left.
You knew the following spells:

 Your Spells              Type           Power      Damage    Failure   Level
a - Magic Dart            Conj           60%        1d6       3%          1

Your spell library contained the following spells:

 Spells                   Type           Power      Damage    Failure   Level
 Slow                     Hex            16%        N/A       13%         1
 Blink                    Tloc           14%        N/A       14%         2
 Call Imp                 Summ           7%         N/A       14%         2
 Conjure Flame            Conj/Fire      9%         6-21      22%         3
 Mephitic Cloud           Conj/Pois/Air  8%         N/A       26%         3


Dungeon Overview and Level Annotations

Branches:
Dungeon (5/15)
 Temple: D:4-7

Altars:
Fedhas
Xom
Yredelemnul

Shops:
D:1 :


Innate Abilities, Weirdness & Mutations

You are too large for most types of armour.
You have tough skin. (AC +1)


Message History

The orc wizard gestures at you while chanting.
The magic dart hits you.
You barely miss the orc priest.
The orc priest is severely wounded.
The orc wizard completely misses you.
The orc priest hits you with a +0 trident.
* * * LOW HITPOINT WARNING * * *
The orc wizard hits you but does no damage.
You hit the orc priest but do no damage.
The orc priest is severely wounded.
The orc wizard barely misses you.
The orc priest calls upon Beogh to heal the orc wizard.
The orc wizard is healed somewhat.
The orc wizard closely misses you.
You hit the orc priest. You freeze the orc priest.
The orc priest is severely wounded.
The orc wizard closely misses you.
The orc priest hits you with a +0 trident.
* * * LOW HITPOINT WARNING * * *
The orc wizard closely misses you.
You feel very mighty all of a sudden.
Your iguana zombie seems less confused.
Your iguana zombie bites the orc wizard!
The orc wizard hits you but does no damage.
The orc priest barely misses you.
The orc wizard hits you with a +0 dagger.
* * * LOW HITPOINT WARNING * * *
You hit the orc wizard. You freeze the orc wizard.
The orc wizard is almost dead.
The orc wizard misses you.
Your iguana zombie bites the orc wizard!
The orc wizard dies!
A black mist starts to gather...
The orc priest barely misses you.
You hit the orc wizard but do no damage.
The orc wizard is almost dead.
The orc wizard casts a spell at you. The magic dart hits you.
* * * LOW HITPOINT WARNING * * *
The orc priest hits you with a +0 trident!
You die...
Your body rises from the dead as a mindless zombie.

. # ... #.## ######...
... Z........
#.##..Z... #...o).#
######## #o@..# .
.......#### #.$..#.#
######....# #.#.##.##
.........## #.......#
..######## ##.......#
#.### ##........#
#...#########.........#
###<..................#
###.....#####.#.......#


You could see an orc priest, an orc wizard (ally target), a friendly iguana
zombie and a friendly orc wizard zombie.

Vanquished Creatures
  A sky beast (D:5)
  A phantom (D:4)
  A gnoll sergeant (D:4)
  A howler monkey (D:4)
  A jelly (D:4)
  A bullfrog skeleton (D:5)
  A gnoll shaman (D:4)
  3 iguanas
  7 gnolls (D:4)
  3 adders
  A white imp (D:5)
  An ufetubus (D:4)
  2 worms
  4 dart slugs
  An orc (D:4)
  7 ball pythons
  6 bats
  6 endoplasms
  2 giant cockroaches
  3 goblins
  5 hobgoblins
  12 jackals
  10 kobolds
  A quokka (D:1)
  4 frilled lizards (D:1)
  5 rats
90 creatures vanquished.

Vanquished Creatures (collateral kills)
  A water moccasin skeleton (D:4)
  An orc wizard (D:5)
  A gnoll (D:4)
  An orc (D:3)
  2 bats
  An endoplasm (D:3)
  2 hobgoblins
  A quokka (D:2)
  A ball python (D:2)
  2 frilled lizards
  A rat (D:2)
14 creatures vanquished.

Vanquished Creatures (others)
  A howler monkey zombie (D:4)
  A spectral jelly (D:4)
  5 gnoll zombies (D:4)
  A hobgoblin zombie (D:4)
  3 jackal zombies (D:4)
  2 kobold zombies
  An orc zombie (D:4)
  A withered plant (D:2)
15 creatures vanquished.

Grand Total: 119 creatures vanquished

Notes
Turn   | Place    | Note
-------+----------+-------------------------------------------
     0 | D:1      | Sabo the Ogre Hedge Wizard began the quest for the Orb.
     0 | D:1      | Reached XP level 1. HP: 16/16 MP: 5/5
   103 | D:1      | Reached skill level 4 in Spellcasting
   450 | D:1      | Reached XP level 2. HP: 17/24 MP: 5/7
  1005 | D:1      | Reached skill level 1 in Conjurations
  1079 | D:1      | Reached XP level 3. HP: 25/31 MP: 1/8
  1185 | D:1      | Found Xaxtenemp's Book Shop.
  1945 | D:2      | Reached skill level 1 in Staves
  2171 | D:2      | Reached skill level 1 in Fighting
  2233 | D:2      | Found a faded altar of an unknown god.
  2242 | D:2      | Prayed at the altar of an unknown god.
  2242 | D:2      | Became a worshipper of Yredelemnul the Dark
  2242 | D:2      | Reached * piety under Yredelemnul
  2308 | D:2      | Reached XP level 4. HP: 11/41 MP: 10/10
  2755 | D:2      | Reached ** piety under Yredelemnul
  3619 | D:3      | Found a blossoming altar of Fedhas.
  4026 | D:3      | Found a shimmering altar of Xom.
  4483 | D:4      | Noticed a gnoll sergeant
  4492 | D:4      | Reached skill level 5 in Spellcasting
  4492 | D:4      | Reached XP level 5. HP: 48/48 MP: 3/12
  4527 | D:4      | Reached XP level 6. HP: 28/57 MP: 9/14
  4597 | D:4      | Reached skill level 1 in Short Blades
  4947 | D:4      | Reached XP level 7. HP: 36/66 MP: 15/15
  6239 | D:5      | Entered Level 5 of the Dungeon
  6933 | D:5      | Slain by an orc priest

Illustrated notes

Levels and vault maps discovered:
D:1:      dpeg_arrival_tiny_i, layout_loops_ring, serial_shops, shop_statue
D:2:      layout_rooms, ebering_ecumenical_altar_petrified, minmay_pentomino_z2
D:3:      layout_rooms, mainiacjoe_overflow_24_doors, lemuel_round_altar
D:4:      layout_basic
D:5:      layout_rooms, jmf_multi_god_temple

Skill      XL: |  1  2  3  4  5  6  7 |
---------------+----------------------+-----
Spellcasting   | 4 5 |  5.7
Conjurations   | 1 2 3 |  3.0
Staves         | 1 |  1.5
Fighting       | 1 2 3 |  3.0
Dodging        | 2 3 |  3.3
Short Blades   | 2 3 |  3.2
Stealth        | 2 |  2.2
Summonings     | |  0.8
Translocations | |  0.8

Action                   |  1- 3 |  4- 6 |  7- 9 || total
-------------------------+-------+-------+-------++-------
Melee: Dagger            |     7 |       |       ||     7
       Staff             |    95 |     4 |       ||    99
       Short sword       |       |    89 |    59 ||   148
 Cast: Magic Dart        |    79 |    71 |    30 ||   180
  Use: Scroll            |     2 |     2 |     1 ||     5
       Potion            |       |     1 |     1 ||     2
 Stab: Distracted        |       |     1 |       ||     1
Armor: Robe              |    37 |    18 |    12 ||    67
Dodge: Dodged            |    72 |    75 |    43 ||   190

Table legend: (Time is in decaauts)
 A = Elapsed time spent in this place.
 B = Non-inter-level travel time spent in this place.
 C = Inter-level travel time spent in this place.
 D = Time resting spent in this place.
 E = Time spent auto-exploring this place.
 F = Levels seen in this place.
 G = Mean time per level.
                   A        B        C        D        E       F      G
               +--------+--------+--------+--------+--------+-----+--------+
         Total |   6949 |   6949 |      0 |   2827 |      0 |   5 | 1389.8 |
       Dungeon |   6949 |   6949 |      0 |   2827 |      0 |   5 | 1389.8 |
               +--------+--------+--------+--------+--------+-----+--------+

Top non-repeatable levels by time:
     D:1: 1914 daAuts
     D:4: 1783 daAuts
     D:2: 1535 daAuts
     D:3: 1024 daAuts
     D:5: 690 daAuts
